 Dungeon Crawl Stone Soup version 0.23-a0-454-gae4fabde77 (webtiles) character file.

801 Esekla the Fighter (level 7, -11/57 HPs)
             Began as a Gnoll Wanderer on Nov 24, 2018.
             Was an Initiate of Gozag.
             Mangled by an ogre
             ... wielding a +0 giant club
              (22 damage)
             ... on level 6 of the Dungeon.
             The game lasted 00:27:52 (4803 turns).

Esekla the Fighter (Gnoll Wanderer)                 Turns: 4803, Time: 00:27:53

Health: -11/57     AC:  8    Str: 14    XL:     7   Next: 90%
Magic:  20/20      EV: 15    Int: 13    God:    Gozag
Gold:   363        SH:  5    Dex: 16    Spells: 11/11 levels left

rFire    . . .     SeeInvis .   b - +0 falchion
rCold    . . .     Gourm    .   t - +0 buckler
rNeg     . . .     Faith    .   a - +2 leather armour
rPois    .         Spirit   .   (no helmet)
rElec    .         Reflect  .   (no cloak)
rCorr    .         Harm     .   (no gloves)
MR       .....                  u - +0 pair of boots
Stlth    ++........             (no amulet)
HPRegen  0.19/turn              q - ring of magical power
MPRegen  0.17/turn              k - +2 ring of protection

@: no status effects
A: distributed training, fangs 1, clumsy 1, frail 1, screaming 1, wild magic 1,
strong nose
a: Potion Petition, Call Merchant, Bribe Branch, Renounce Religion


You were on level 6 of the Dungeon.
You worshipped Gozag.
Gozag was aware of your devotion.
You were not hungry.

You visited 1 branch of the dungeon, and saw 7 of its levels.

You collected 474 gold pieces.
You spent 63 gold pieces at shops.
You paid 48 gold pieces to Gozag.

Inventory:

Hand Weapons
 b - a +0 falchion (weapon)
 c - a +0 spear
 s - a +0 rapier
Armour
 a - a +2 leather armour (worn)
 t - a +0 buckler (worn)
 u - a +0 pair of boots (worn)
Jewellery
 k - a +2 ring of protection (right hand)
 q - a ring of magical power (left hand)
 w - an uncursed ring of fire
Wands
 p - a wand of paralysis (4)
Scrolls
 e - a scroll of identify
 g - 6 scrolls of remove curse {unknown}
 j - 4 scrolls of enchant armour {unknown}
 m - 4 scrolls of teleportation {unknown}
 n - a scroll of blinking {unknown}
 o - 2 scrolls of random uselessness {unknown}
 r - a scroll of fear {unknown}
Potions
 f - a potion of berserk rage
 h - 3 potions of lignification
 i - 2 potions of heal wounds
 l - 3 potions of curing
 v - a potion of flight {unknown}
Comestibles
 d - 2 rations


   Skills:
 + Level 9.0 Fighting
 + Level 2.7 Short Blades
 + Level 2.7 Long Blades
 + Level 2.7 Axes
 + Level 2.7 Maces & Flails
 + Level 2.7 Polearms
 + Level 2.7 Staves
 + Level 2.7 Slings
 + Level 2.7 Bows
 + Level 2.7 Crossbows
 + Level 2.7 Throwing
 + Level 5.3 Armour
 + Level 5.3 Dodging
 + Level 3.6 Stealth
 + Level 2.7 Shields
 + Level 2.7 Unarmed Combat
 + Level 2.7 Spellcasting
 + Level 2.2 Conjurations
 + Level 2.2 Hexes
 + Level 2.2 Charms
 + Level 2.2 Summonings
 + Level 2.2 Necromancy
 + Level 2.2 Translocations
 + Level 2.2 Transmutations
 + Level 2.2 Fire Magic
 + Level 2.2 Ice Magic
 + Level 2.2 Air Magic
 + Level 2.2 Earth Magic
 + Level 2.2 Poison Magic
 + Level 3.0 Invocations
 + Level 3.8 Evocations


You had 11 spell levels left.
You didn't know any spells.
Your spell library was empty.

Dungeon Overview and Level Annotations

Branches:
Dungeon (7/15)             Temple (0/1) D:4

Altars:
Gozag
Okawaru

Shops:
D:5 [

Annotations:
D:7 Harold


Innate Abilities, Weirdness & Mutations

Your experience applies equally to all skills.
You have very sharp teeth.
Your uncanny sense of smell can sniff out nearby items.
You are clumsy. (Dex -2)
You are frail. (-10% HP)
You occasionally shout uncontrollably at your foes.
Your spells are a little harder to cast, but a little more powerful.


Message History

s - a +0 rapier (weapon)
The ogre shouts!
Harold the Weathered comes into view.
He is wielding a +0 scimitar of
There is a stone staircase leading up here.
You climb upwards.
There is a stone staircase leading down here.
Wield which item (- for none, * to show all)? (? for menu, Esc to quit)
b - a +0 falchion (weapon)
You slash the ogre!
The ogre is moderately wounded.
You block the ogre's attack.
You completely miss the ogre.
The ogre is moderately wounded.
The ogre hits you with a +0 giant club!!
* * * LOW HITPOINT WARNING * * *
You slash the ogre!
The ogre is heavily wounded.
The ogre hits you with a +0 giant club!!
You die...
Your body crumbles into a pile of gold.

########.......[<....#
#......................
#..........(...###.###.
#..............###...
#.........)..<.........
#..............###.####
#......>#####.##
#.....O.# #.# #.....@.#
... ######### ....
...... ......# .......#


You could see an ogre.

Vanquished Creatures
  An ice beast (D:5)
  A phantom (D:4)
  A centaur (D:5)
  A howler monkey (D:6)
  2 orc priests
  A hound (D:4)
  An iguana (D:5)
  A bullfrog skeleton (D:4)
  4 worker ants
  2 orc wizards (D:4)
  4 gnolls
  5 adders
  2 shadow imps (D:5)
  An ooze (D:2)
  An adder zombie (D:5)
  2 worms
  A dart slug (D:3)
  3 leopard geckos
  15 orcs
  A ball python (D:2)
  4 bats
  2 giant cockroaches (D:2)
  6 goblins
  4 hobgoblins
  8 jackals
  5 kobolds
  6 quokkas
  4 frilled lizards
  A leopard gecko skeleton (D:4)
  7 rats
97 creatures vanquished.

Notes
Turn   | Place    | Note
-------+----------+-------------------------------------------
     0 | D:1      | Esekla the Gnoll Wanderer began the quest for the Orb.
     0 | D:1      | Esekla set off with the following items: a +2 leather
                  | armour, a +0 falchion, a +0 spear, a ration
     0 | D:1      | Reached XP level 1. HP: 26/26 MP: 2/2
   470 | D:1      | Reached XP level 2. HP: 31/33 MP: 3/3
   721 | D:2      | Reached XP level 3. HP: 4/38 MP: 4/4
  1220 | D:2      | Reached skill level 1 in Invocations
  1474 | D:3      | Reached skill level 1 in Short Blades
  1474 | D:3      | Reached skill level 1 in Long Blades
  1474 | D:3      | Reached skill level 1 in Axes
  1474 | D:3      | Reached skill level 1 in Maces & Flails
  1474 | D:3      | Reached skill level 1 in Polearms
  1474 | D:3      | Reached skill level 1 in Staves
  1474 | D:3      | Reached skill level 1 in Slings
  1474 | D:3      | Reached skill level 1 in Bows
  1474 | D:3      | Reached skill level 1 in Crossbows
  1474 | D:3      | Reached skill level 1 in Throwing
  1474 | D:3      | Reached skill level 1 in Shields
  1474 | D:3      | Reached skill level 1 in Unarmed Combat
  1474 | D:3      | Reached skill level 1 in Spellcasting
  1632 | D:3      | Reached XP level 4. HP: 45/45 MP: 6/6
  1666 | D:4      | Reached skill level 1 in Conjurations
  1666 | D:4      | Reached skill level 1 in Hexes
  1666 | D:4      | Reached skill level 1 in Charms
  1666 | D:4      | Reached skill level 1 in Summonings
  1666 | D:4      | Reached skill level 1 in Necromancy
  1666 | D:4      | Reached skill level 1 in Translocations
  1666 | D:4      | Reached skill level 1 in Transmutations
  1666 | D:4      | Reached skill level 1 in Fire Magic
  1666 | D:4      | Reached skill level 1 in Ice Magic
  1666 | D:4      | Reached skill level 1 in Air Magic
  1666 | D:4      | Reached skill level 1 in Earth Magic
  1666 | D:4      | Reached skill level 1 in Poison Magic
  1696 | D:4      | Reached XP level 5. HP: 35/51 MP: 7/7
  2343 | D:3      | Reached XP level 6. HP: 33/57 MP: 8/8
  2674 | D:4      | Found a staircase to the Ecumenical Temple.
  2678 | D:4      | Found an opulent altar of Gozag.
  2696 | D:4      | Became a worshipper of Gozag Ym Sagoz the Greedy
  2958 | D:4      | Noticed a phantom
  3023 | D:5      | Entered Level 5 of the Dungeon
  3049 | D:5      | Reached skill level 5 in Armour
  3049 | D:5      | Reached skill level 5 in Dodging
  3115 | D:5      | Found an iron altar of Okawaru.
  3126 | D:5      | Found Vyschimepp's Armour Boutique.
  3173 | D:5      | Bought a +0 pair of boots for 63 gold pieces
  3213 | D:5      | Noticed an ice beast
  3263 | D:5      | Killed an ice beast
  3263 | D:5      | Reached XP level 7. HP: 39/63 MP: 10/10
  3951 | D:5      | Gained mutation: You are frail. (-10% HP) [potion of
                  | mutation]
  3951 | D:5      | Gained mutation: You are clumsy. (Dex -2) [potion of
                  | mutation]
  3951 | D:5      | Gained mutation: You occasionally shout uncontrollably at
                  | your foes. [potion of mutation]
  3951 | D:5      | Gained mutation: Your spells are a little harder to cast,
                  | but a little more powerful. [potion of mutation]
  4230 | D:5      | Reached skill level 9 in Fighting
  4796 | D:7      | Noticed Harold
  4803 | D:6      | Mangled by an ogre

Vault maps used:
D:1:      lightli_arrival_maybe_door_vault
D:2:      first_ration
D:3:      minmay_inner_zag
D:4:      minmay_wonky_spiral, minmay_temple_entry_mist,
          nicolae_gozag_seed_capital
D:5:      overflow_temple_1_default, serial_shops, shop,
          minmay_misc_feat_ornament
D:7:      uniq_harold, uniq_joseph

Skill      XL: |  1  2  3  4  5  6  7 |
---------------+----------------------+-----
Invocations    | 1 2 3 |  3.0
Short Blades   | 1 2 |  2.7
Long Blades    | 1 2 |  2.7
Axes           | 1 2 |  2.7
Maces & Flails | 1 2 |  2.7
Polearms       | 1 2 |  2.7
Staves         | 1 2 |  2.7
Slings         | 1 2 |  2.7
Bows           | 1 2 |  2.7
Crossbows      | 1 2 |  2.7
Throwing       | 1 2 |  2.7
Shields        | 1 2 |  2.7
Unarmed Combat | 1 2 |  2.7
Spellcasting   | 1 2 |  2.7
Conjurations   | 1 2 |  2.2
Hexes          | 1 2 |  2.2
Charms         | 1 2 |  2.2
Summonings     | 1 2 |  2.2
Necromancy     | 1 2 |  2.2
Translocations | 1 2 |  2.2
Transmutations | 1 2 |  2.2
Fire Magic     | 1 2 |  2.2
Ice Magic      | 1 2 |  2.2
Air Magic      | 1 2 |  2.2
Earth Magic    | 1 2 |  2.2
Poison Magic   | 1 2 |  2.2
Evocations     | 3 |  3.8
Stealth        | 3 |  3.6
Armour         | 5 |  5.3
Dodging        | 5 |  5.3
Fighting       | 9 |  9.0

Action                   |  1- 3 |  4- 6 |  7- 9 || total
-------------------------+-------+-------+-------++-------
Melee: Falchion          |   104 |   167 |   124 ||   395
       Bite              |     9 |    24 |    24 ||    57
       Punch             |       |     2 |       ||     2
       Spear             |       |       |    22 ||    22
  Use: Scroll            |       |       |     6 ||     6
       Potion            |       |       |     1 ||     1
 Stab: Sleeping          |     5 |     3 |     1 ||     9
       Distracted        |     1 |     1 |       ||     2
  Eat: Ration            |     1 |     1 |     2 ||     4
Armor: Leather armour    |    30 |    46 |    25 ||   101
Dodge: Dodged            |    68 |   117 |    89 ||   274
Block: Buckler           |       |     7 |    39 ||    46
       Rpst.: Falchion   |    21 |    44 |    28 ||    93

Table legend:
 A = Non-vault XP
 B = Vault XP
 C = Vault XP percentage of total XP
 D = Non-vault monster count
 E = Vault monster count
 F = Vault count percentage of total count
                 A         B        C        D         E       F
            +---------+---------+-------+---------+---------+-------
      Total |    1127 |      18 |   1.6 |      90 |       7 |   7.2
            +---------+---------+-------+---------+---------+-------
        D:1 |      11 |       0 |   0.0 |       6 |       0 |   0.0
        D:2 |      49 |       0 |   0.0 |      20 |       0 |   0.0
        D:3 |      94 |      12 |  11.3 |      20 |       5 |  20.0
        D:4 |     424 |       6 |   1.4 |      20 |       2 |   9.1
        D:5 |     447 |       0 |   0.0 |      18 |       0 |   0.0
        D:6 |     102 |       0 |   0.0 |       6 |       0 |   0.0
            +---------+---------+-------+---------+---------+-------
